 Dungeon Crawl Stone Soup version 0.18.1-48-g4cf74bf (webtiles) character file.

252 Heedrag the Thaumaturge (level 5, 28/28 HPs)
             Began as a Deep Elf Conjurer on July 24, 2016.
             Drowned
             ... in a sewer.
             The game lasted 00:06:20 (2245 turns).

Heedrag the Thaumaturge (Deep Elf Conjurer)         Turns: 2245, Time: 00:06:21

Health: 28/28      AC:  3    Str:  6    XL:     5   Next: 89%
Magic:  17/17      EV: 19    Int: 20    God:
Gold:   96         SH:  0    Dex: 15    Spells: 2 memorised, 16 levels left

rFire  . . .     SeeInvis .     y - +1 short sword (venom)
rCold  . . .     Gourm    .     a - +0 robe
rNeg   . . .     Faith    .     (no shield)
rPois  .         Spirit   .     (no helmet)
rElec  .         Dismiss  .     w - +0 cloak
rCorr  .         Reflect  .     (no gloves)
SustAt .         Harm     .     (no boots)
MR     +....                    v - amulet of inaccuracy (curse)
Stlth  +.........               t - ring of protection from magic
                                j - +6 ring of evasion

@: somewhat resistant to hostile enchantments, very unstealthy
A: no striking features
a: no special abilities


You were in a sewer.
You were hungry.

You visited 1 branch of the dungeon, and saw 4 of its levels.
You also visited: Sewer.

You collected 96 gold pieces.

Inventory:

Hand Weapons
 g - a +0 dagger
 y - a +1 short sword of venom (weapon)
Armour
 a - a +0 robe (worn)
 d - a +0 shield
 w - a +0 cloak (worn)
Jewellery
 j - a +6 ring of evasion (left hand)
 t - a ring of protection from magic (right hand)
 v - a cursed amulet of inaccuracy (around neck)
Wands
 o - a wand of heal wounds (4/9)
 x - a wand of acid (10/15)
Scrolls
 k - 2 scrolls of amnesia {unknown}
 l - 2 scrolls of identify {unknown}
 n - 2 scrolls of remove curse {unknown}
 p - a scroll of recharging {unknown}
 s - a scroll of enchant weapon {unknown}
Potions
 e - a potion of lignification
 i - a potion of might {unknown}
 m - 2 potions of curing
 r - a potion of beneficial mutation {unknown}
 u - a potion of resistance {unknown}
 z - a potion of brilliance {unknown}
 B - a potion of heal wounds {unknown}
Books
 b - a book of Conjurations

   Spells                             Type                      Level
   a - Magic Dart                     Conjuration                  1
   b - Searing Ray                    Conjuration                  2
   c - Dazzling Spray                 Conjuration/Hexes            3
   d - Fulminant Prism                Conjuration/Hexes            4
   e - Iskenderun's Mystic Blast      Conjuration                  4
   f - Iskenderun's Battlesphere      Conjuration/Charms           5
Comestibles
 c - a bread ration
 f - 2 meat rations
 h - 2 beef jerkies
 q - 2 slices of pizza


   Skills:
 - Level 2.4 Dodging
 - Level 2.4 Stealth
 * Level 8.4 Spellcasting
 - Level 4.3 Conjurations


You had 16 spell levels left.
You knew the following spells:

 Your Spells              Type           Power        Failure   Level  Hunger
a - Magic Dart            Conj           ####         1%          1    None
b - Dazzling Spray        Conj/Hex       ###...       12%         3    None


Dungeon Overview and Level Annotations

Branches:
Dungeon (4/15)
 Temple: D:4-7

Altars:

Shops:
D:4 [


Message History

Yer +0 cloak melds inta yer body.
Yer +0 robe melds inta yer body.
Yer roots penetrate tha ground.
Drink which item? (? fer menu, 'sc ta quit) Okay, than.
Ye start waitin'.
Yer transformation be almost o'er.
Drink which item? (? fer menu, 'sc ta quit) It was a potion o' flight.
Yer roots keep ye in place.
Ye cannae move.
Ye start waitin'.
Ye feel less woody.
Yer +0 cloak unmelds from yer body.
Yer +0 robe unmelds from yer body.
Why would ye want ta do tha?
Drink which item? (? fer menu, 'sc ta quit) Ye feel very buoyant.
Ye fly up inta tha air.
Careful!
Ye be startin' ta lose yer buoyancy.
Ye float gracefully downwards.
Ye fall inta tha water!
Ye sink like a stone!
Ye drown...
Ye die...

### #∩# ########
###.###..≈...≈ #####
######.....≈...≈≈≈≈
#≈≈≈###≈@≈≈≈≈≈≈≈≈≈≈≈≈≈≈≈≈
###≈≈≈≈≈≈≈≈≈≈≈≈≈≈≈≈≈≈≈≈≈≈
####≈≈≈≈≈≈≈≈≈≈≈≈≈≈≈≈≈≈≈
#######.....≈(≈(.≈≈≈
#######(((.(≈) ##(#####
#≈# #≈# #≈#


There were no monsters in sight!

Vanquished Creatures
  A big kobold (Sewer)
  A water moccasin skeleton (D:4)
  A hound skeleton (D:4)
  A river rat (Sewer)
  2 adders (D:3)
  2 oozes (D:3)
  A worm (D:3)
  2 dart slugs
  3 giant geckos (D:4)
  9 orcs
  A ball python (D:1)
  11 bats
  3 giant cockroaches (D:4)
  7 goblins (D:2)
  6 hobgoblins
  2 jackals (Sewer)
  2 quokkas
  A giant newt (D:1)
  6 kobolds
  10 rats
72 creatures vanquished.

Notes
Turn   | Place    | Note
--------------------------------------------------------------
     0 | D:1      | Heedrag the Deep Elf Conjurer began the quest for the Orb.
     0 | D:1      | Reached XP level 1. HP: 10/10 MP: 6/6
   114 | D:1      | Reached skill level 4 in Spellcasting
   114 | D:1      | Reached XP level 2. HP: 15/15 MP: 0/9
   649 | D:2      | Reached XP level 3. HP: 19/19 MP: 1/11
   654 | D:2      | Learned a level 3 spell: Dazzling Spray
   771 | D:2      | Reached skill level 5 in Spellcasting
  1316 | D:3      | Reached XP level 4. HP: 24/24 MP: 11/13
  1346 | D:3      | Reached skill level 6 in Spellcasting
  1618 | D:4      | Found Dudaniv's Antique Armour Shop.
  1634 | D:4      | Reached skill level 7 in Spellcasting
  1634 | D:4      | Reached XP level 5. HP: 18/28 MP: 6/16
  1819 | D:4      | Found a glowing drain.
  1832 | Sewer    | Entered a sewer
  1992 | Sewer    | Reached skill level 8 in Spellcasting
  2142 | Sewer    | Found a white marble altar of Elyvilon.
  2245 | Sewer    | Drowned

Skill      XL: |  1  2  3  4  5 |
---------------+----------------+-----
Spellcasting   | 4 5 7 8 |  8.4
Dodging        | |  2.4
Stealth        | |  2.4
Conjurations   | |  4.3

Action                   |  1- 3 |  4- 6 || total
-------------------------+-------+-------++-------
Melee: Unarmed           |     2 |       ||     2
 Cast: Magic Dart        |    77 |    90 ||   167
  Use: Potion            |       |     4 ||     4
  Eat: Chunk             |     1 |     2 ||     3
Armor: Robe              |       |     1 ||     1
Dodge: Dodged            |     5 |    29 ||    34
